 Dungeon Crawl Stone Soup version 0.28.0-1-gb440e238dd (webtiles) character file.

Game seed: 415035742819586172

58 a3don the Gusty (level 4, -4/30 HPs)
             Began as a Barachi Air Elementalist on Feb 21, 2022.
             Slain by Crazy Yiuf (7 damage)
             ... on level 2 of the Dungeon.
             The game lasted 00:03:10 (2198 turns).

a3don the Gusty (Barachi Air Elementalist)          Turns: 2198, Time: 00:03:11

Health: -4/30      AC:  2    Str: 10    XL:     4   Next: 1%
Magic:  3/8        EV: 17    Int: 17    God:
Gold:   73         SH:  0    Dex: 12    Spells: 5/8 levels left

rFire   . . .      SeeInvis .   i - +2 whip (venom)
rCold   . . .      Faith    .   (no shield)
rNeg    . . .      Spirit   .   a - +0 robe
rPois   .          Reflect  .   (no helmet)
rElec   .          Harm     .   (no cloak)
rCorr   .          Rampage  .   (no gloves)
Will    .....                   (no boots)
Stlth   ++........              (no amulet)
HPRegen 0.10/turn               (no ring)
MPRegen 0.11/turn               (no ring)

@: agile, lethally poisoned (-4 -> -14), slow
A: amphibious, slowness 1, strong legs 1, +LOS
a: Hop


You were on level 2 of the Dungeon.
You visited 1 branch of the dungeon, and saw 2 of its levels.

You collected 73 gold pieces.

Inventory:

Hand Weapons
 d - a +0 spear
 i - a +2 whip of venom (weapon)
 l - a +2 dagger of distortion
Armour
 a - a +0 robe (worn)
Scrolls
 b - a scroll of magic mapping {unknown}
 e - a scroll of enchant armour {unknown}
 g - 2 scrolls of fog {unknown}
 h - 2 scrolls of immolation {unknown}
 j - a scroll of teleportation {unknown}
 m - a scroll of identify {unknown}
Potions
 c - a potion of resistance {unknown}
 f - a potion of berserk rage {unknown}
 k - a potion of invisibility {unknown}


   Skills:
 + Level 0.0 Maces & Flails
 + Level 2.8 Dodging
 + Level 2.3 Stealth
 + Level 2.7 Spellcasting
 + Level 2.0 Conjurations
 + Level 3.7 Air Magic


You had 5 spell levels left.
You knew the following spells:

 Your Spells              Type           Power      Damage    Failure   Level
a - Shock                 Conj/Air       48%        1d6       5%          1
b - Static Discharge      Conj/Air       12%        N/A       9%          2

Your spell library contained the following spells:

 Spells                   Type           Power      Damage    Failure   Level
 Swiftness                Air            14%        N/A       12%         3
 Airstrike                Air            7%         N/A       36%         4


Dungeon Overview and Level Annotations

Branches:
Dungeon (2/15)

Altars:

Annotations:
D:2 Crazy Yiuf


Innate Abilities, Weirdness & Mutations

You are amphibious.
You cover ground slowly.
You can hop short distances.
You have an extended range of vision and can be seen from far away.


Message History

Crazy Yiuf shouts!
Crazy Yiuf yells, "Gnoll!"
Crazy Yiuf laughs, "Shadow aubergine pizzabubble!"
Crazy Yiuf grits, "Mugger!
Mugger tired sow."
There is a stone staircase leading up here.
m - a scroll labelled IHUKHOLES
Found a stone staircase leading down.
There is a stone staircase leading down here.
You see here a +0 club.
You see here a +0 spear.
You open the door.
Casting: Shock (safe; 5% risk of failure)
Confirm with . or Enter, or press ? or * to list all spells.
Aiming: Shock (safe; 5% risk of failure)
Press: ? - help, Shift-Dir - straight line, f - Crazy Yiuf
Aim: Crazy Yiuf, wielding a +3 quarterstaff of chaos and wearing a +0 cloak (72% to hit)
The zap hits Crazy Yiuf.
Crazy Yiuf is lightly wounded.
Crazy Yiuf hits you with a +3 quarterstaff of chaos!
You are poisoned.
Casting: Shock (safe; 5% risk of failure)
Confirm with . or Enter, or press ? or * to list all spells.
Crazy Yiuf is struck by an arc of lightning!
Crazy Yiuf is heavily wounded.
You are struck by an arc of lightning.
The lightning grounds out.
You feel very sick.
Crazy Yiuf hits you with a +3 quarterstaff of chaos!
* * * LOW HITPOINT WARNING * * *
You feel agile all of a sudden.
Casting: Static Discharge (safe; 9% risk of failure)
Confirm with . or Enter, or press ? or * to list all spells.
Crazy Yiuf is struck by an arc of lightning!
Crazy Yiuf is almost dead.
You are struck by an arc of lightning.
* * * LOW HITPOINT WARNING * * *
The lightning grounds out.
* * * LOW HITPOINT WARNING * * *
You feel very sick.
Crazy Yiuf hits you with a +3 quarterstaff of chaos!
You die...

#.#..)#......
##......####.
#......####.
#####
#...........
#..)#
#....##.....
#...#
#...........
...
#...###.####
#g# ##.## #.#
##@# #.# #.#
#.##
#.####.##
##.#
##.......#
#.##
#.......##
##.##
#.#######
#...## #.#
#....# #.#
#....# #.#
#....####.#


You could see Crazy Yiuf.

Vanquished Creatures
  2 adders (D:2)
  4 dart slugs
  5 ball pythons (D:1)
  4 endoplasms
  4 giant cockroaches
  4 goblins
  2 bats
  3 frilled lizards
  2 kobolds (D:2)
  2 rats
32 creatures vanquished.

Notes
Turn   | Place    | Note
-------+----------+-------------------------------------------
     0 | D:1      | a3don the Barachi Air Elementalist began the quest for the
                  | Orb.
     0 | D:1      | Reached XP level 1. HP: 13/13 MP: 3/3
   365 | D:1      | Reached XP level 2. HP: 19/19 MP: 0/5
   771 | D:1      | Learned a level 2 spell: Static Discharge
   939 | D:1      | Reached XP level 3. HP: 24/24 MP: 2/6
  1738 | D:2      | Found a faded altar of an unknown god.
  1786 | D:2      | Reached XP level 4. HP: 30/30 MP: 5/8
  1956 | D:2      | Found a runed translucent door.
  1957 | D:2      | Noticed Crazy Yiuf
  2198 | D:2      | Slain by Crazy Yiuf

Illustrated notes

Levels and vault maps discovered:
D:1:      dpeg_arrival_round_c, layout_basic, serial_forest,
          infiniplex_forest_clump_medium, infiniplex_forest_clump_double,
          infiniplex_forest_straight_2, infiniplex_forest_diagonal,
          infiniplex_forest_straight_3, infiniplex_forest_corner_1
D:2:      layout_loops_ring, ebering_ecumenical_altar_petrified, st_stairs_7,
          uniq_crazy_yiuf_cottage

Skill      XL: |  1  2  3 |
---------------+----------+-----
Stealth        | 2 |  2.3
Conjurations   | 2 |  2.0
Dodging        | |  2.8
Spellcasting   | |  2.7
Air Magic      | |  3.7

Action                   |  1- 3 |  4- 6 || total
-------------------------+-------+-------++-------
Melee: Spear             |     9 |       ||     9
       Whip              |     4 |       ||     4
 Cast: Shock             |    63 |     1 ||    64
       Static Discharge  |       |     2 ||     2
 Stab: Sleeping          |     1 |       ||     1
Armor: Robe              |     3 |       ||     3
Dodge: Dodged            |    13 |       ||    13
